 Dungeon Crawl Stone Soup version 0.19-a0-1072-g3763c35 (webtiles) character file.

256 Ihatecarrots00 the Skirmisher (level 5, 0/48 HPs)
             Began as a Minotaur Berserker on Aug 4, 2016.
             Was a Priest of Trog.
             Slain by a slave (2 damage)
             ... led by Pikel
             ... on level 4 of the Dungeon on Aug 5, 2016.
             The game lasted 00:13:23 (3485 turns).

Ihatecarrots00 the Skirmisher (Minotaur Berserker)  Turns: 3485, Time: 00:13:23

Health: 0/48       AC: 12    Str: 22    XL:     5   Next: 92%
Magic:  4/4        EV:  7    Int:  4    God:    Trog [***...]
Gold:   177        SH:  0    Dex: 10    Spells: 0 memorised, 4 levels left

rFire  . . .     SeeInvis .     a - +0 falchion
rCold  . . .     Gourm    .     d - +0 plate armour
rNeg   . . .     Faith    .     (no shield)
rPois  .         Spirit   .     (helmet restricted)
rElec  .         Dismiss  .     (no cloak)
rCorr  .         Reflect  .     (no gloves)
SustAt .         Harm     .     (no boots)
MR     .....                    (no amulet)
Stlth  ..........               (no ring)
                                (no ring)

@:
A: retaliatory headbutt, horns 2
a: Berserk, Trog's Hand, Burn Spellbooks, Renounce Religion


You were on level 4 of the Dungeon.
You worshipped Trog.
Trog was most pleased with you.
You were not hungry.

You visited 1 branch of the dungeon, and saw 4 of its levels.

You collected 177 gold pieces.

Inventory:

Hand Weapons
 a - a +0 falchion (weapon)
 m - a +0 morningstar
Armour
 b - a +0 animal skin
 d - a +0 plate armour (worn)
Jewellery
 f - an uncursed ring of see invisible {unknown}
Scrolls
 i - 3 scrolls of identify {unknown}
 j - a scroll of random uselessness {unknown}
 l - a scroll of fog {unknown}
Potions
 e - a potion of haste {unknown}
 h - a potion of mutation {unknown}
Comestibles
 c - 4 fruits
 g - 2 beef jerkies
 k - a slice of pizza


   Skills:
 + Level 5.4 Fighting
 + Level 5.1 Long Blades
 + Level 4.6 Armour
 + Level 2.9 Dodging


You had 4 spell levels left.
You didn't know any spells.

Dungeon Overview and Level Annotations

Branches:
Dungeon (4/15)
 Temple: D:4-7

Altars:
Hepliaklqana
Qazlal

Annotations:
D:4 Pikel


Innate Abilities, Weirdness & Mutations

You reflexively headbutt those who attack you in melee.
You have a pair of horns on your head.


Message History

Pikel hits you with a whip of flaming.
* * * LOW HITPOINT WARNING * * *
Pikel burns you.
* * * LOW HITPOINT WARNING * * *
The slave closely misses you.
You riposte.
You barely miss the slave. You headbutt the slave.
The slave is lightly wounded.
You closely miss Pikel.
Pikel is lightly wounded.
Pikel hits you but does no damage. The slave hits you.
* * * LOW HITPOINT WARNING * * *
Your plate armour prevents you from hitting Pikel.
Your headbutt misses Pikel.
Pikel is lightly wounded.
Pikel hits you but does no damage.
You hit Pikel but do no damage.
Pikel is lightly wounded.
Pikel hits you but does no damage. The slave hits you but does no damage.
The slave hits you.
You die...

#............<.# #.
###.#.#.###......###
###.#
.........##...####.
.%... #.#.#....##.##
##. #...
#............###..
#...###.......(.[.....)
#.................###..
###....##p..#...##.##
##.
......pK@p..##.###.# #.
#####.p###..##.# #.. ..
#.. #..##.# #..# ###
#.. #..##.# ...# #..
...... .... ... #.###
#### #.# #.#


You could see Pikel and 4 slaves.

Vanquished Creatures
  Natasha (D:4)
  2 orc wizards (D:3)
  7 adders
  2 oozes
  A worm (D:2)
  6 dart slugs
  3 giant geckos (D:2)
  7 orcs
  6 bats
  2 giant cockroaches (D:3)
  10 goblins
  7 hobgoblins
  9 jackals
  3 quokkas
  3 ball pythons
  4 giant newts
  6 kobolds
  7 rats
  6 bushes (D:1)
  A plant (D:1)
93 creatures vanquished.

Notes
Turn   | Place    | Note
-------+----------+-------------------------------------------
     0 | D:1      | Ihatecarrots00 the Minotaur Berserker began the quest for the Orb.
     0 | D:1      | Reached XP level 1. HP: 19/19 MP: 0/0
   119 | D:1      | Reached XP level 2. HP: 24/27 MP: 1/1
   422 | D:1      | Reached ** piety under Trog
   460 | D:1      | Reached XP level 3. HP: 33/34 MP: 2/2
  1255 | D:2      | Upgraded the game from 0.19-a0-1067-g0b1d89b to 0.19-a0-1072-g3763c35
  1277 | D:2      | Found a stormy altar of Qazlal.
  1278 | D:2      | Noticed an earth elemental
  1308 | D:2      | Noticed an air elemental
  1308 | D:2      | Noticed a fire elemental
  1308 | D:2      | Noticed a water elemental
  1471 | D:2      | Reached XP level 4. HP: 30/41 MP: 3/3
  1807 | D:2      | Found a hazy altar of Hepliaklqana.
  1970 | D:2      | Reached skill level 5 in Fighting
  2655 | D:3      | Reached XP level 5. HP: 44/48 MP: 4/4
  2767 | D:3      | Reached *** piety under Trog
  3244 | D:3      | Reached skill level 5 in Long Blades
  3414 | D:4      | Noticed Natasha
  3421 | D:4      | Killed Natasha
  3465 | D:4      | Noticed a slave
  3465 | D:4      | Noticed a slave
  3465 | D:4      | Noticed a slave
  3465 | D:4      | Noticed a slave
  3466 | D:4      | Noticed Pikel
  3482 | D:4      | HP: 2/48 [Pikel/whip of flaming (2)]
  3485 | D:4      | Slain by a slave

Vault maps used:
D:1:      dpeg_arrival_subterranean_lakeside_camping, serial_forest,
          infiniplex_forest_clump_large, infiniplex_forest_lined_2,
          infiniplex_forest_clump_small, infiniplex_forest_lined_3_way,
          infiniplex_forest_pool, infiniplex_forest_clump_tiny,
          infiniplex_forest_corner_2, infiniplex_forest_straight_4,
          infiniplex_forest_clump_long, infiniplex_forest_pool
D:2:      nicolae_qazlal_style_of_elements, lemuel_doored_altar
D:3:      guppyfry_early_orc_mine
D:4:      grunt_temple_overflow_magic_moments, first_bread, uniq_natasha,
          uniq_robin, uniq_duvessa, uniq_pikel

Skill      XL: |  1  2  3  4  5 |
---------------+----------------+-----
Fighting       | 4 5 |  5.4
Long Blades    | 4 5 |  5.1
Armour         | 3 4 |  4.6
Dodging        | |  2.9

Action                   |  1- 3 |  4- 6 || total
-------------------------+-------+-------++-------
Melee: Falchion          |   453 |   151 ||   604
       Headbutt          |   162 |    31 ||   193
  Use: Scroll            |     1 |       ||     1
  Eat: Meat ration       |     1 |       ||     1
       Bread ration      |       |     1 ||     1
Armor: Plate armour      |    81 |   117 ||   198
Dodge: Dodged            |    40 |    49 ||    89
